 Dungeon Crawl Stone Soup version 0.30-a0-881-g1ff12e1e11 (webtiles) character file.

Game seed: 9568243007282984548

217 Sobieck the Sneak (level 5, -1/24 HPs)
             Began as a Spriggan Earth Elementalist on Mar 13, 2023.
             Slain by Menkaure (6 damage)
             ... on level 4 of the Dungeon on Mar 14, 2023.
             The game lasted 00:06:22 (3045 turns).

Sobieck the Sneak (Spriggan Earth Elementalist)     Turns: 3045, Time: 00:06:22

Health: -1/24      AC:  2    Str:  4    XL:     5   Next: 62%
Magic:  13/13      EV: 17    Int: 16    God:
Gold:   203        SH:  0    Dex: 18    Spells: 7/13 levels left

rFire   + + .      SeeInvis +    d - +0 dagger {short}
rCold   + . .      Faith    .    (no shield)
rNeg    . . .      Spirit   .    f - +0 robe {rC+ rF+}
rPois   .          Reflect  .    (helmet restricted)
rElec   .          Rampage  .    (no cloak)
rCorr   .                        (gloves unavailable)
Will    .....                    (boots unavailable)
Stlth   +++                      u - amulet of magic regeneration {@e2}
HPRegen 0.24/turn                E - ring of protection from fire
MPRegen 0.53/turn                (no ring)

@: very quick
A: very small, no large weapons, unfitting armour, see invisible, speed 3
a: no special abilities


You were on level 4 of the Dungeon.
You visited 1 branch of the dungeon, and saw 4 of its levels.

You collected 203 gold pieces.


Innate Abilities, Weirdness & Mutations

You are very small and have problems with some larger weapons.
You are too small for most types of armour.
You have supernaturally acute eyesight. (SInv)
You cover ground extremely quickly. (Speed+++)


   Skills:
 - Level 2.6 Dodging
 + Level 6.0 Stealth
 + Level 4.7 Spellcasting
 - Level 1.3 Transmutations
 + Level 4.0 Earth Magic


You had 7 spell levels left.
You knew the following spells:

 Your Spells              Type           Power      Damage    Failure   Level
a - Sandblast             Erth           32%        2d9       3%          1
b - Passwall              Tmut/Erth      10%        N/A       8%          2
c - Stone Arrow           Conj/Erth      20%        3d8       21%         3

Your spell library contained the following spells:

 Spells                   Type           Power      Damage    Failure   Level
 Summon Small Mammal      Summ           12%        N/A       16%         1
 Call Canine Familiar     Summ           3%         N/A       43%         3
 Summon Guardian Golem    Hex/Summ       3%         N/A       43%         3
 Tukima's Dance           Hex            3%         N/A       43%         3
 Petrify                  Tmut/Erth      12%        N/A       45%         4
 Passage of Golubria      Tloc           3%         N/A       83%         4
 Yara's Violent Unravell  Hex/Tmut       2%         3d3       97%         5
 Orb of Destruction       Conj           1%         9d5       100%        7
 Spellforged Servitor     Conj/Summ      1%         N/A       100%        7

Inventory:

Hand Weapons
 d - a +0 dagger (weapon) {short}
   (You took it off a kobold on level 1 of the Dungeon)
 y - a +1 whip of venom {mace}
   (You took it off a kobold on level 3 of the Dungeon)
 z - a +0 rapier {short}
   (You found it on level 3 of the Dungeon)
 B - a +3 mace of protection {mace}
   (You found it on level 3 of the Dungeon)
Missiles
 e - 28 stones {throwing}
 A - 10 poisoned darts {throwing}
Armour
 a - a +0 robe
 f - a +0 robe of resistance (worn)
   (You found it on level 1 of the Dungeon)
 i - a +0 robe
   (You found it on level 1 of the Dungeon)
 l - a +0 robe
   (You found it on level 2 of the Dungeon)
 m - a +0 robe
   (You found it on level 1 of the Dungeon)
 n - a +0 robe
   (You found it on level 1 of the Dungeon)
 x - a +0 buckler
   (You found it on level 3 of the Dungeon)
Jewellery
 u - an amulet of magic regeneration (around neck) {@e2}
   (You found it on level 2 of the Dungeon)
 E - a ring of protection from fire (left hand)
   (You found it on level 4 of the Dungeon)
Scrolls
 c - 2 scrolls of enchant weapon {unknown}
 g - 7 scrolls of identify {unknown}
 j - a scroll of fear {unknown}
 k - a scroll of vulnerability {unknown}
 o - a scroll of immolation {unknown}
 p - a scroll of magic mapping {unknown}
 s - a scroll of poison {unknown}
 D - a scroll of noise {unknown}
 F - a scroll of teleportation {unknown}
Potions
 b - a potion of magic
 h - 3 potions of curing {unknown}
 q - 3 potions of cancellation {unknown}
 r - a potion of invisibility {unknown}
 t - 3 potions of flight {unknown}
 v - 2 potions of degeneration {unknown}
 w - a potion of lignification {unknown}
 C - a potion of might {unknown}

Dungeon Overview and Level Annotations

Branches:
Dungeon (4/15) Zot: 21790
 Temple: D:4-7

Altars:
Hepliaklqana

Shops:
D:3 (

Annotations:
D:4 Eustachio, Menkaure

.# #.#
#####..
#.#
.......
#.#
#..####
#.#
..##
####.#
###
#....#
#
#.####
# #M# #
#@# #
#.# #
.# #.#
# #.#
#.# #
#.# #.#
## #.#
#.# .#
##.##
#.# .#
#...#
#.# .#
#...#
#.#


You could see Menkaure (fast).


Message History

Aim: a mummy (almost destroyed, 91% to hit)
The blast of sand hits the mummy.
Casting: Sandblast (safe; 3% risk of failure)
Confirm with . or Enter, or press ? or * to list all spells.
Aiming: Sandblast (safe; 3% risk of failure)
Press: ? - help, Shift-Dir - straight line, f/p - mummy
Aim: a mummy (almost destroyed, 91% to hit)
The blast of sand hits the mummy but does no damage.
Unknown command.
The mummy closely misses you.
Casting: Sandblast (safe; 3% risk of failure)
Confirm with . or Enter, or press ? or * to list all spells.
Aiming: Sandblast (safe; 3% risk of failure)
Press: ? - help, Shift-Dir - straight line, f/p - mummy
Aim: a mummy (almost destroyed, 91% to hit)
The blast of sand hits the mummy!
You destroy the mummy!
Your Stealth skill increases to level 6!
Your Earth Magic skill increases to level 4!
Unknown command.
t - 3 pink potions (gained 1)
F - a scroll labelled KEIBBI PAFE Unknown command.
You start resting.
Unknown command.
Eustachio the Magnificent comes into view.
He is wielding a +0 falchion.
Danger!
Unknown command.
Press: ? - help, v - describe, . - travel
Here: Eustachio, wielding a +0 falchion and wearing a +0 leather armour (asleep)
The floor.
Placed new exclusion.
Unknown command.
g - 7 scrolls labelled SOTOTE LUEMOEC (gained 1) Menkaure, Prince of Dust comes into view.
Menkaure shouts!
Danger!
Menkaure gestures wildly while chanting.
Menkaure seems to speed up.
Unknown command.
You can't see any susceptible monsters within range! (Use Z to cast anyway.)
The blast of sand hits Menkaure.
Menkaure calls on the powers of darkness!
Your body is wracked with pain!
Casting: Sandblast (safe; 3% risk of failure)
Confirm with . or Enter, or press ? or * to list all spells.
Aiming: Sandblast (safe; 3% risk of failure)
Press: ? - help, Shift-Dir - straight line, f/p - Menkaure
Aim: Menkaure (moderately damaged, fast, 91% to hit)
The blast of sand hits Menkaure.
Casting: Sandblast (safe; 3% risk of failure)
Confirm with . or Enter, or press ? or * to list all spells.
Aiming: Sandblast (safe; 3% risk of failure)
Press: ? - help, Shift-Dir - straight line, f/p - Menkaure
Aim: Menkaure (heavily damaged, fast, 91% to hit)
Okay, then.
Menkaure calls on the powers of darkness!
Your body is wracked with pain!
* * * LOW HITPOINT WARNING * * *
Casting: Sandblast (safe; 3% risk of failure)
Confirm with . or Enter, or press ? or * to list all spells.
Aiming: Sandblast (safe; 3% risk of failure)
Press: ? - help, Shift-Dir - straight line, f/p - Menkaure
Aim: Menkaure (heavily damaged, fast, 91% to hit)
You miscast Sandblast.
You are very lightly contaminated with residual magic.
Nothing appears to happen.
Unknown command.
Menkaure calls on the powers of darkness!
Your body is wracked with pain!
* * * LOW HITPOINT WARNING * * *
Casting: Sandblast (safe; 3% risk of failure)
Confirm with . or Enter, or press ? or * to list all spells.
Aiming: Sandblast (safe; 3% risk of failure)
Press: ? - help, Shift-Dir - straight line, f/p - Menkaure
Aim: Menkaure (heavily damaged, fast, 91% to hit)
The blast of sand hits Menkaure!
Menkaure points at you and mumbles some strange words.
You resist with significant effort.
Casting: Sandblast (safe; 3% risk of failure)
Confirm with . or Enter, or press ? or * to list all spells.
Aiming: Sandblast (safe; 3% risk of failure)
Press: ? - help, Shift-Dir - straight line, f/p - Menkaure
Aim: Menkaure (almost destroyed, fast, 91% to hit)
The blast of sand hits Menkaure.
Menkaure calls on the powers of darkness!
Your body is wracked with pain!
* * * LOW HITPOINT WARNING * * *
Casting: Sandblast (safe; 3% risk of failure)
Confirm with . or Enter, or press ? or * to list all spells.
Okay, then.
Your magical contamination has completely faded away.
Casting: Sandblast (safe; 3% risk of failure)
Confirm with . or Enter, or press ? or * to list all spells.
Aiming: Sandblast (safe; 3% risk of failure)
Press: ? - help, Shift-Dir - straight line, f/p - Menkaure
Aim: Menkaure (almost destroyed, fast, 91% to hit)
The blast of sand hits Menkaure but does no damage.
Menkaure hits you.
You die...

Skill      XL: |  1  2  3  4  5 |
---------------+----------------+-----
Spellcasting   | 3 4 |  4.7
Earth Magic    | 3 4 |  4.0
Stealth        | 4 5 6 |  6.0
Dodging        | |  2.6
Transmutations | |  1.3

Action                     |  1- 3 |  4- 6 || total
---------------------------+-------+-------++-------
  Melee: Dagger            |     3 |       ||     3
   Cast: Sandblast         |    51 |    55 ||   106
   Stab: Sleeping          |     1 |       ||     1
 Armour: Robe              |     2 |       ||     2
  Dodge: Dodged            |    16 |    14 ||    30

Levels and vault maps discovered:
D:1:      scummos_arrival_simple_crosswalls, layout_basic,
          hellmonk_ecumenical_altar_zigzags
D:2:      layout_basic, fountainhead, minmay_misc_feat_rows
D:3:      layout_basic, mainiacjoe_overflow_alcove_2, serial_shops, shop
D:4:      layout_loops_ring, hangedman_abyss_or_decor_stagger,
          grunt_ministairs_7, minmay_mini_ossuary, uniq_menkaure,
          uniq_eustachio, uniq_natasha, uniq_sigmund

Notes
Turn   | Place    | Note
-------+----------+-------------------------------------------
     0 | D:1      | Sobieck the Spriggan Earth Elementalist began the quest for
                  | the Orb.
     0 | D:1      | Reached XP level 1. HP: 9/9 MP: 5/5
    58 | D:1      | You add the spells Tukima's Dance, Passage of Golubria and
                  | Yara's Violent Unravelling to your library.
   208 | D:1      | Reached skill level 3 in Spellcasting
   247 | D:1      | Reached XP level 2. HP: 13/13 MP: 4/7
   327 | D:1      | Reached skill level 3 in Earth Magic
   430 | D:1      | You fall into a shaft and drop 1 floor!
   478 | D:2      | Reached skill level 4 in Stealth
   478 | D:2      | Reached XP level 3. HP: 16/16 MP: 5/8
   481 | D:2      | Learned a level 2 spell: Passwall
   485 | D:2      | Learned a level 3 spell: Stone Arrow
   933 | D:1      | Found a faded altar of an unknown god.
  1452 | D:2      | You pick up a book of Dangerous Friends and begin
                  | reading...
  1452 | D:2      | You add the spells Summon Guardian Golem, Orb of
                  | Destruction and Spellforged Servitor to your library.
  1986 | D:3      | Reached XP level 4. HP: 15/21 MP: 8/10
  2059 | D:3      | Found a hazy altar of Hepliaklqana.
  2238 | D:3      | Reached skill level 4 in Spellcasting
  2340 | D:3      | Reached skill level 5 in Stealth
  2428 | D:3      | Found Galo's Weapon Boutique.
  2432 | D:3      | Upgraded the game from 0.30-a0-879-ga8ba668304 to
                  | 0.30-a0-881-g1ff12e1e11
  2631 | D:4      | Noticed Natasha
  2639 | D:4      | Killed Natasha
  2640 | D:4      | Reached XP level 5. HP: 11/24 MP: 9/12
  2640 | D:4      | HP: 6/24 [hound (5)]
  2640 | D:4      | HP: 2/24 [hound (4)]
  2651 | D:4      | You pick up a book of Callings and begin reading...
  2651 | D:4      | You add the spells Summon Small Mammal and Call Canine
                  | Familiar to your library.
  2856 | D:4      | Reached skill level 6 in Stealth
  2856 | D:4      | Reached skill level 4 in Earth Magic
  2977 | D:4      | Noticed Eustachio
  3031 | D:4      | Noticed Menkaure
  3038 | D:4      | HP: 5/24 [??? (3)]
  3045 | D:4      | Slain by Menkaure

Vanquished Creatures
  2 hounds (D:4)
  Natasha (D:4)
  A mummy (D:4)
  5 adders
  An ufetubus (D:3)
  A worm (D:2)
  A dart slug (D:1)
  An orc (D:3)
  3 bats
  5 endoplasms
  2 giant cockroaches
  7 hobgoblins
  3 jackals (D:1)
  3 quokkas
  3 ball pythons
  6 frilled lizards
  10 goblins
  A hobgoblin zombie (D:4)
  6 kobolds
  2 kobold zombies (D:4)
  An orc zombie (D:4)
  4 rats
69 creatures vanquished.

Table legend:
 A = Non-vault XP
 B = Vault XP
 C = Vault XP percentage of total XP
 D = Non-vault monster count
 E = Vault monster count
 F = Vault count percentage of total count
                 A         B        C        D         E       F
            +---------+---------+-------+---------+---------+-------
      Total |     240 |      71 |  22.8 |      61 |       8 |  11.6
            +---------+---------+-------+---------+---------+-------
        D:1 |      43 |       0 |   0.0 |      24 |       0 |   0.0
        D:2 |      46 |       0 |   0.0 |      12 |       0 |   0.0
        D:3 |      57 |       0 |   0.0 |      18 |       0 |   0.0
        D:4 |      94 |      71 |  43.0 |       7 |       8 |  53.3
            +---------+---------+-------+---------+---------+-------

Illustrated notes

Table legend:
 A = Kills in this place as a percentage of kills in the entire game.
 B = Kills by you in this place as a percentage of kills by you in the entire game.
 C = Kills by friends in this place as a percentage of kills by friends in the entire game.
 D = Other kills in this place as a percentage of other kills in the entire game.
 E = Experience gained in this place as a percentage of experience gained in the entire game.
 F = Experience gained in this place divided by the number of levels of this place that you have seen.
                   A       B       C       D       E      F
               +-------+-------+-------+-------+-------+----------------------
         Total | 100.0 | 100.0 |   N/A |   N/A | 100.0 |  77.8
       Dungeon | 100.0 | 100.0 |   N/A |   N/A | 100.0 |  77.8
               +-------+-------+-------+-------+-------+----------------------

Table legend: (Time is in decaauts)
 A = Elapsed time spent in this place.
 B = Non-inter-level travel time spent in this place.
 C = Inter-level travel time spent in this place.
 D = Time resting spent in this place.
 E = Time spent auto-exploring this place.
 F = Levels seen in this place.
 G = Mean time per level.
                   A        B        C        D        E       F      G
               +--------+--------+--------+--------+--------+-----+--------+
         Total |   2208 |   2160 |     48 |     77 |   1724 |   4 |  552.0 |
       Dungeon |   2208 |   2160 |     48 |     77 |   1724 |   4 |  552.0 |
               +--------+--------+--------+--------+--------+-----+--------+

Top non-repeatable levels by time:
     D:1: 862 daAuts
     D:2: 487 daAuts
     D:3: 472 daAuts
     D:4: 386 daAuts
